 Dungeon Crawl Stone Soup version 0.17.0-23-g0de4337 (webtiles) character file.

1449 JudasIscariot the Covert (level 9, -6/52 HPs)
             Began as a Kobold Assassin on Nov 14, 2015.
             Was a Believer of Okawaru.
             Mangled by a cyan ugly thing (7 damage)
             ... on level 5 of the Dungeon.
             The game lasted 00:25:01 (5579 turns).

JudasIscariot the Covert (Kobold Assassin)          Turns: 5579, Time: 00:25:01

Health: -6/52      AC:  7    Str: 12    XL:     9   Next: 4%
Magic:  8/8        EV: 18    Int:  9    God:    Okawaru [**....]
Gold:   267        SH:  0    Dex: 20    Spells: 0 memorised, 8 levels left

rFire  . . .     SeeInvis .     e - +2 dagger (elec)
rCold  . . .     Clarity  +     l - +0 leather armour
rNeg   . . .     SustAt   +     (shield restricted)
rPois  .         Gourm    .     (helmet restricted)
rElec  .         Spirit   .     d - +0 cloak
rCorr  .         Warding  .     (no gloves)
rMut   .         Stasis   .     (no boots)
MR     .....                    z - amulet of clarity
Stlth  +++++.....               v - ring of sustain attributes
                                i - +3 ring of protection

@: marked, not resistant to hostile enchantments, quite stealthy
A: horns 1, carnivore 3, low mp 1, slow regeneration 1, strong 1
a: Heroism, Renounce Religion


You were on level 5 of the Dungeon.
You worshipped Okawaru.
Okawaru was pleased with you.
You were completely stuffed.

You visited 1 branch of the dungeon, and saw 6 of its levels.

You collected 267 gold pieces.

Inventory:

Hand Weapons
 a - a +2 dagger
 b - a +0 blowgun
 e - a +2 dagger of electrocution (weapon)
 E - a +2 dagger of venom
Missiles
 f - a curare-tipped needle
 D - 8 poisoned needles
Armour
 c - a +0 robe
 d - a +0 cloak (worn)
 l - a +0 leather armour (worn)
Magical Staves
 P - an uncursed staff of cold
Jewellery
 i - a +3 ring of protection (left hand)
 v - a ring of sustain attributes (right hand)
 z - an amulet of clarity (around neck)
 H - an uncursed ring of invisibility {unknown}
Wands
 p - a wand of digging (10)
 F - a wand of magic darts (19)
 O - a wand of cold (8)
 R - a wand of digging (1)
Scrolls
 h - 2 scrolls of noise
 j - a scroll of teleportation {unknown}
 m - a scroll of amnesia {unknown}
 o - a scroll of random uselessness {unknown}
 u - a scroll of enchant armour {unknown}
 w - 3 scrolls of identify {unknown}
 x - a scroll of magic mapping {unknown}
 y - a scroll of enchant weapon {unknown}
 A - 3 scrolls of remove curse {unknown}
 C - a scroll of blinking {unknown}
 L - a scroll of vulnerability {unknown}
Potions
 k - a potion of brilliance {unknown}
 n - a potion of curing {unknown}
 q - 2 potions of ambrosia
 r - 2 potions of haste {unknown}
 s - 2 potions of degeneration {unknown}
 t - 4 potions of heal wounds {unknown}
 B - a potion of cure mutation {unknown}
 J - a potion of might {unknown}
 N - a potion of poison {unknown}
 Q - 2 potions of berserk rage {unknown}
Books
 K - a book of Spatial Translocations

   Spells                             Type                      Level
   a - Apportation                    Translocation                1
   b - Blink                          Translocation                2
   c - Shroud of Golubria             Charms/Translocation         2
   d - Portal Projectile              Translocation                3
   e - Teleport Other                 Translocation                3
   f - Passage of Golubria            Translocation                4
 M - a book of Dreams

   Spells                             Type                      Level
   a - Ensorcelled Hibernation        Hexes/Ice                    2
   b - Phase Shift                    Translocation                5
   c - Shadow Creatures               Summoning                    5
   d - Silence                        Hexes/Air                    5
   e - Darkness                       Hexes                        6
   f - Mass Confusion                 Hexes                        6
Comestibles
 g - 5 meat rations
 G - a slice of pizza
 I - 7 chunks of flesh


   Skills:
 * Level 4.6 Fighting
 * Level 5.3 Short Blades
 + Level 5.2 Throwing
 + Level 2.0 Armour
 * Level 5.2 Dodging
 * Level 10.1 Stealth


You had 8 spell levels left.
You didn't know any spells.

Dungeon Overview and Level Annotations

Branches:
Dungeon (6/15)             Temple (0/1) D:4

Altars:
Elyvilon
Fedhas
Okawaru
Xom
Beogh


Innate Abilities, Weirdness & Mutations

You are small and have problems with some larger weapons.
You are carnivorous and can eat meat at any time.
You have a pair of small horns on your head.
Your magical capacity is low (-10% MP).
You regenerate slowly when monsters are visible.
Your muscles are strong. (Str +2)


Message History

The tomahawk hits you but does no damage.
The orc warrior hits you but does no damage.
The orc throws a tomahawk.
The tomahawk closely misses you. The orc warrior barely misses you.
A centaur comes into view.
The orc warrior closely misses you. The orc wizard closely misses you.
There is a stone staircase leading up here.
The cyan ugly thing headbutts you. The cyan ugly thing shocks you!
* * * LOW HITPOINT WARNING * * *
The orc hits you with a flail.
* * * LOW HITPOINT WARNING * * *
The orc wizard misses you.
You climb upwards.
There is a stone staircase leading down here.
Drink which item? (? for menu, Esc to quit)
Your clarity would prevent the potion's effects.
The orc warrior hits you with a trident.
* * * LOW HITPOINT WARNING * * *
The cyan ugly thing headbutts you!
You die...

#.##.........#........##.######.#
#........##..##..............##.#
####..................##.###.##.#
#..######.###..###.##.###.##.#
#..######.# #......##........#
#.........###+########....####
##..########.o.## #.#### ##.#
##..ou.## #.## ##.## ##...@o..##
#.<##
##...####.........####...#####
#.......'.........'...........
##...####.........####...#####
##.## ##.......## #..## #.#
##.....## ##.# ####.# ##...## #.#
#....# ##'## #.# #.####
##.#########.#


You could see a cyan ugly thing, an orc warrior, an orc wizard and an orc.

Vanquished Creatures
  Sigmund (D:5)
  Duvessa (D:6)
  An ogre (D:3)
  2 sky beasts (D:5)
  A phantom (D:5)
  Dowan (D:6)
  9 orc wizards
  3 orc priests
  A centaur skeleton (D:6)
  2 hounds
  A giant frog skeleton (D:6)
  A worker ant (D:6)
  A hound zombie (D:6)
  A hound skeleton (D:4)
  7 gnolls
  7 adders
  2 worms
  32 orcs
  2 giant cockroaches
  8 hobgoblins
  4 jackals
  6 kobolds
  7 bats
  5 giant geckos
  A giant gecko zombie (D:5)
  A giant newt (D:2)
  3 goblins
  2 quokkas (D:4)
  3 rats
  3 fungi (D:3)
  A plant (D:2)
120 creatures vanquished.

Notes
Turn   | Place    | Note
--------------------------------------------------------------
     0 | D:1      | JudasIscariot the Kobold Assassin began the quest for the Orb.
     0 | D:1      | Reached XP level 1. HP: 12/12 MP: 1/1
   766 | D:1      | Reached XP level 2. HP: 17/17 MP: 2/2
  1699 | D:2      | Reached XP level 3. HP: 22/22 MP: 3/3
  1975 | D:2      | Reached skill level 6 in Stealth
  2237 | D:3      | Reached XP level 4. HP: 27/27 MP: 4/4
  2476 | D:3      | Found a white marble altar of Elyvilon.
  2489 | D:3      | Reached XP level 5. HP: 31/31 MP: 5/5
  2526 | D:3      | Found an iron altar of Okawaru.
  2528 | D:3      | Found a shimmering altar of Xom.
  2652 | D:3      | Noticed an ogre
  2668 | D:3      | Killed an ogre
  2668 | D:3      | Reached skill level 7 in Stealth
  2668 | D:3      | Reached XP level 6. HP: 34/36 MP: 6/6
  2821 | D:3      | Became a worshipper of Warmaster Okawaru
  3218 | D:4      | Reached XP level 7. HP: 33/41 MP: 7/7
  3595 | D:4      | Found a staircase to the Ecumenical Temple.
  3808 | D:4      | Reached skill level 8 in Stealth
  3998 | D:5      | Entered Level 5 of the Dungeon
  4037 | D:5      | Reached * piety under Okawaru
  4037 | D:5      | Reached skill level 1 in Armour
  4156 | D:5      | Gained mutation: Your muscles are strong. (Str +2) [mutagenic meat]
  4157 | D:5      | Gained mutation: You are frail (-10% HP). [mutagenic meat]
  4158 | D:5      | Lost mutation: You are frail (-10% HP). [mutagenic meat]
  4159 | D:5      | Gained mutation: You have a pair of small horns on your head. [mutagenic meat]
  4160 | D:5      | Gained mutation: Your magical capacity is low (-10% MP). [mutagenic meat]
  4161 | D:5      | Gained mutation: You regenerate slowly when monsters are visible. [mutagenic meat]
  4386 | D:5      | Noticed Sigmund
  4393 | D:5      | Killed Sigmund
  4393 | D:5      | Reached skill level 5 in Throwing
  4393 | D:5      | Reached XP level 8. HP: 48/48 MP: 7/7
  4442 | D:5      | Found a runed door.
  4537 | D:5      | Reached skill level 9 in Stealth
  4567 | D:5      | Reached ** piety under Okawaru
  4908 | D:5      | Reached skill level 5 in Short Blades
  5065 | D:5      | Found a roughly hewn altar of Beogh.
  5462 | D:6      | Noticed Dowan
  5471 | D:6      | Noticed Duvessa
  5473 | D:6      | Killed Duvessa
  5473 | D:6      | Reached skill level 5 in Dodging
  5483 | D:6      | Killed Dowan
  5483 | D:6      | Reached skill level 10 in Stealth
  5483 | D:6      | Reached XP level 9. HP: 50/52 MP: 8/8
  5559 | D:6      | Found a blossoming altar of Fedhas.
  5569 | D:6      | Noticed a cyan ugly thing
  5579 | D:5      | HP: 1/52 [orc warrior/trident (5)]
  5579 | D:5      | Mangled by a cyan ugly thing

Action                   |  1- 3 |  4- 6 |  7- 9 || total
-------------------------+-------+-------+-------++-------
Melee: Dagger            |    81 |    81 |   158 ||   320
 Fire: Blowgun           |    63 |    50 |    38 ||   151
  Use: Scroll            |       |       |     1 ||     1
       Potion            |       |       |     1 ||     1
 Stab: Sleeping          |    17 |     4 |    20 ||    41
       Distracted        |     3 |     1 |       ||     4
  Eat: Chunk             |    12 |     4 |    13 ||    29
